 Dungeon Crawl Stone Soup version 0.19.0-11-g3fc08b3 (webtiles) character file.

1709 Jerry the Protected (level 9, -2/78 HPs)
             Began as a Gargoyle Fighter on Nov 9, 2016.
             Was a Priest of Okawaru.
             Splashed by a jelly's acid (4 damage)
             ... on level 6 of the Dungeon.
             The game lasted 00:19:44 (6025 turns).

Jerry the Protected (Gargoyle Fighter)              Turns: 6025, Time: 00:19:45

Health: -2/78      AC:  0    Str: 19    XL:     9   Next: 3%
Magic:  12/12      EV:  2    Int: 10    God:    Okawaru [***...]
Gold:   321        SH:  0    Dex: 12    Spells: 0 memorised, 8 levels left

rFire  . . .     SeeInvis .     w - +2 whip (freeze)
rCold  . . .     Gourm    .     (armour currently unavailable)
rNeg   + + +     Faith    .     (no shield)
rPois  ∞         Spirit   .     (helmet currently unavailable)
rElec  .         Reflect  .     (cloak currently unavailable)
rCorr  .         Harm     .     (gloves currently unavailable)
MR     .....     NoTele   +     (boots currently unavailable)
Stlth  +.........               (no amulet)
                                i - ring of wizardry
                                o - ring of flight

@: tree-form, corroded
A: negative energy resistance 1, (electricity resistance), (unbreathing),
petrification resistance, rot immunity, AC +5
a: Heroism, Renounce Religion


You were on level 6 of the Dungeon.
You worshipped Okawaru.
Okawaru was most pleased with you.
You were not hungry.
You were a tree.
You visited 2 branches of the dungeon, and saw 7 of its levels.

You collected 321 gold pieces.

Inventory:

Hand Weapons
 a - a +1 flail
 w - a +2 whip of freezing (weapon)
Missiles
 g - a throwing net (quivered)
Armour
 b - a +1 scale mail
 c - a +0 shield
 x - a +0 helmet (melded)
 y - the cursed +0 ring mail "Nupyssiv" (melded) {rElec MP+9 Dex-4 Stlth+}
   (You found it on level 4 of the Dungeon)

   It affects your dexterity (-4).
   It insulates you from electricity.
   It affects your magic capacity (+9).
   It makes you more stealthy.
   It has a curse placed upon it.
Jewellery
 i - a ring of wizardry (right branch)
 m - an uncursed ring of fire
 o - a ring of flight (left branch)
 I - the ring "Nyassot" {rF+ rC+ Dex+3, unknown}
   (You found it on level 6 of the Dungeon)

   [ring of dexterity]

   It affects your dexterity (+3).
   It protects you from fire.
   It protects you from cold.
Wands
 r - a wand of polymorph (10/24)
Scrolls
 e - 3 scrolls of remove curse
 h - 3 scrolls of teleportation
 l - 2 scrolls of identify
 t - 2 scrolls of fog
 B - a scroll of amnesia {unknown}
 J - a scroll of holy word {unknown}
 K - a scroll of blinking {unknown}
Potions
 d - a potion of brilliance {unknown}
 j - 3 potions of magic
 k - 4 potions of curing
 q - a potion of cancellation
 s - a potion of cure mutation
 u - a potion of lignification
 A - 2 potions of degeneration {unknown}
 C - 2 potions of berserk rage
 D - 2 potions of mutation {unknown}
 F - a potion of flight {unknown}
Comestibles
 f - 5 bread rations
 n - 4 meat rations
 p - a royal jelly
 z - a slice of pizza
 E - a beef jerky
 G - 2 fruits
 H - 5 chunks of flesh


   Skills:
 - Level 4.4 Fighting
 + Level 7.1 Maces & Flails
 + Level 8.3 Armour
 - Level 3.2 Shields
 - Level 5.0 Invocations


You had 8 spell levels left.
You didn't know any spells.

Dungeon Overview and Level Annotations

Branches:
Dungeon (6/15)             Temple (1/1) D:4

Altars:
Ashenzari
Cheibriados
Dithmenos
Elyvilon
Fedhas
Gozag
Hepliaklqana
Kikubaaqudgha
Makhleb
Nemelex Xobeh
Okawaru
Qazlal
Ru
Sif Muna
Trog
Uskayaw
Xom
Yredelemnul
Zin

Shops:
D:2 *   D:4 (


Innate Abilities, Weirdness & Mutations

You are resistant to torment.
((Your stone body is resilient. (AC +5)))
You are immune to poison.
You resist negative energy. (rN+)
((You are resistant to electric shocks. (rElec)))
((You can survive without breathing.))
You are immune to petrification.
You are immune to rotting.


Message History

The jelly hits you. The acid corrodes you!
You are splashed with acid!
The acid burns!
* * * LOW HITPOINT WARNING * * *
You hit the jelly but do no damage.
Your hands burn!
* * * LOW HITPOINT WARNING * * *
The jelly is almost dead.
You turn into a tree.
Your +0 helmet melds into your body.
The cursed +0 ring mail "Nupyssiv" {rElec MP+9 Dex-4 Stlth+} melds into your body.
Your roots penetrate the ground.
The jelly hits you but does no damage.
You hit the jelly. You freeze the jelly. The acid corrodes you!
Your branches burn!
* * * LOW HITPOINT WARNING * * *
The jelly is almost dead.
The jelly hits you.
* * * LOW HITPOINT WARNING * * *
You are splashed with acid!
The acid burns!
* * * LOW HITPOINT WARNING * * *
Unknown command.
You hit the jelly but do no damage.
Your branches burn!
You die...

#.# # .# ##.## .##.##
####...##...... #.# .#
#...(......# .#
#.###.##
#.##...######.# .......
##.........# ......
###.####.## ..#..# #.#
#.# ..#..# #♣# #.#
..#..######### #J# #.#
.............# #.# #.#
..#.#.######.###.####.#
..#.#.# #...........#
#.#.#.# #†...>.######
....#.## #.######
..##...####.#
.....#......#


You could see a jelly.

Vanquished Creatures
  Pikel (D:4)
  Menkaure (D:4)
  Duvessa (D:4)
  A slave (D:4)
  A centaur (D:6)
  Blork the orc (D:4)
  Dowan (D:4)
  A scorpion (D:4)
  2 howler monkeys
  2 crimson imps
  4 hounds
  A centaur skeleton (D:4)
  2 orc priests
  3 orc wizards
  An iguana (D:5)
  4 worker ants (D:4)
  Terence (D:2)
  A hound skeleton (D:4)
  A worker ant zombie (D:5)
  8 adders
  3 gnolls
  2 oozes
  An adder zombie (D:5)
  2 adder skeletons
  3 worms
  A dart slug (D:1)
  A leopard gecko (D:5)
  6 orcs
  5 bats
  2 giant cockroaches
  3 hobgoblins
  8 jackals
  4 quokkas
  2 ball pythons
  7 frilled lizards
  A giant cockroach zombie (D:5)
  5 goblins
  A jackal zombie (D:6)
  7 kobolds
  A quokka skeleton (D:4)
  10 rats
113 creatures vanquished.

Vanquished Creatures (others)
  A hound (D:4)
1 creature vanquished.

Grand Total: 114 creatures vanquished

Notes
Turn   | Place    | Note
-------+----------+-------------------------------------------
     0 | D:1      | Jerry the Gargoyle Fighter began the quest for the Orb.
     0 | D:1      | Reached XP level 1. HP: 14/14 MP: 1/1
    28 | D:1      | Reached XP level 2. HP: 12/19 MP: 2/2
   757 | D:2      | Reached skill level 4 in Armour
   757 | D:2      | Reached XP level 3. HP: 23/23 MP: 3/3
   928 | D:2      | Found a burning altar of Makhleb.
   928 | D:2      | Noticed a cacodemon
  1005 | D:2      | Found Zin's Purification Station.
  1199 | D:2      | Found a glowing silver altar of Zin.
  1321 | D:2      | Reached XP level 4. HP: 22/29 MP: 4/4
  1484 | D:2      | Noticed Terence
  1489 | D:2      | Killed Terence
  1911 | D:3      | Found a burning altar of Makhleb.
  1912 | D:3      | Found a shimmering altar of Xom.
  1932 | D:3      | Reached XP level 5. HP: 34/34 MP: 5/5
  2601 | D:4      | Reached skill level 5 in Armour
  2607 | D:4      | Found a staircase to the Ecumenical Temple.
  2633 | Temple   | Entered the Ecumenical Temple
  2849 | Temple   | Became a worshipper of Warmaster Okawaru
  2939 | D:4      | Found a snail-covered altar of Cheibriados.
  2969 | D:4      | Found a hazy altar of Hepliaklqana.
  3001 | D:4      | Found Gyckuz's Weapon Emporium.
  3055 | D:4      | Found a white marble altar of Elyvilon.
  3068 | D:4      | Got a bronze ring mail
  3085 | D:4      | Reached XP level 6. HP: 28/39 MP: 6/6
  3129 | D:4      | Reached skill level 1 in Invocations
  3281 | D:3      | Identified the cursed +0 ring mail "Nupyssiv" {rElec MP+9 Dex-4 Stlth+} (You found it on level 4 of the Dungeon)
  3377 | D:4      | Found a deep blue altar of Sif Muna.
  3377 | D:4      | Found a sacrificial altar of Ru.
  3378 | D:4      | Noticed Blork the orc
  3394 | D:4      | Killed Blork the orc
  3578 | D:4      | Noticed Dowan
  3579 | D:4      | Noticed Duvessa
  3595 | D:4      | Killed Duvessa
  3595 | D:4      | Reached XP level 7. HP: 22/44 MP: 8/8
  3603 | D:4      | Killed Dowan
  3603 | D:4      | Reached * piety under Okawaru
  3995 | D:4      | Reached skill level 6 in Armour
  4025 | D:4      | Reached skill level 5 in Maces & Flails
  4169 | D:4      | Noticed Pikel
  4188 | D:4      | Killed Pikel
  4188 | D:4      | Reached ** piety under Okawaru
  4188 | D:4      | Reached XP level 8. HP: 46/48 MP: 11/11
  4233 | D:4      | Noticed Menkaure
  4241 | D:4      | Killed Menkaure
  4241 | D:4      | Reached skill level 7 in Armour
  4241 | D:4      | Reached skill level 5 in Invocations
  4461 | D:5      | Entered Level 5 of the Dungeon
  4768 | D:5      | Found a shattered altar of Ashenzari.
  5371 | D:6      | Found an ancient bone altar of Kikubaaqudgha.
  5707 | D:5      | Reached *** piety under Okawaru
  5822 | D:6      | Reached skill level 8 in Armour
  5886 | D:6      | Reached XP level 9. HP: 52/52 MP: 12/12
  5973 | D:6      | Got a shimmering bone ring
  6024 | D:6      | HP: 2/78 [acid (7)]
  6025 | D:6      | Splashed by a jelly's acid

Skill      XL: |  1  2  3  4  5  6  7  8 |
---------------+-------------------------+-----
Armour         | 4 5 6 8 |  8.3
Fighting       | 4 |  4.4
Maces & Flails | 3 4 5 7 |  7.1
Invocations    | 2 4 5 |  5.0
Shields        | |  3.2

Action                   |  1- 3 |  4- 6 |  7- 9 || total
-------------------------+-------+-------+-------++-------
Melee: Flail             |   106 |   162 |    64 ||   332
       Whip              |       |       |   208 ||   208
       Punch             |       |       |     1 ||     1
Invok: Heroism           |       |       |     3 ||     3
  Use: Scroll            |     4 |     9 |       ||    13
       Potion            |       |     2 |     3 ||     5
 Stab: Sleeping          |       |       |     1 ||     1
  Eat: Chunk             |     1 |     3 |     9 ||    13
       Bread ration      |       |     1 |       ||     1
Armor: Scale mail        |    54 |   119 |       ||   173
       Ring mail         |       |     5 |   124 ||   129
       Skin              |       |       |     1 ||     1
Dodge: Dodged            |    56 |    98 |   106 ||   260
